 Dungeon Crawl Stone Soup version 0.17-a0-2148-g9c1f372 (webtiles) character file.

618 seyes the Conjurer (level 7, 40/41 HPs)
             Began as a High Elf Conjurer on Oct 21, 2015.
             Quit the game on level 4 of the Dungeon on Oct 24, 2015.
             The game lasted 00:29:05 (4393 turns).

seyes the Conjurer (High Elf Conjurer)              Turns: 4393, Time: 00:29:05

Health: 40/41      AC:  3    Str:  7    XL:     7   Next: 21%
Magic:  15/15      EV: 13    Int: 21    God:
Gold:   168        SH:  0    Dex: 16    Spells: 3 memorised, 9 levels left

rFire  . . .     SeeInvis .     h - +1 hunting sling
rCold  + . .     Clarity  .     a - +1 robe
rNeg   . . .     SustAt   .     (no shield)
rPois  .         Gourm    .     (no helmet)
rElec  .         Spirit   .     (no cloak)
rCorr  .         Warding  .     (no gloves)
rMut   .         Stasis   .     (no boots)
MR     .....                    (no amulet)
Stlth  ++........               d - ring of protection from cold
                                o - ring of wizardry

@: not resistant to hostile enchantments, unstealthy
A: no striking features
a: no special abilities


You were on level 4 of the Dungeon.
You were not hungry.

You visited 1 branch of the dungeon, and saw 4 of its levels.

You collected 168 gold pieces.

Inventory:

Hand Weapons
 h - a +1 hunting sling (weapon)
 i - a +0 dagger
 x - a +0 blowgun
Missiles
 j - 117 stones
 k - 8 tomahawks
 l - 18 sling bullets (quivered)
 r - 7 javelins
 y - 8 poisoned needles
Armour
 a - a +1 robe (worn)
Jewellery
 d - a ring of protection from cold (right hand)
 o - a ring of wizardry (left hand)
 w - an uncursed amulet of faith
Scrolls
 f - a scroll of amnesia
 q - 2 scrolls of remove curse
Potions
 e - 3 potions of cancellation {unknown}
 g - 2 potions of cure mutation {unknown}
 n - 2 potions of agility {unknown}
 s - a potion of curing {unknown}
 z - 2 potions of heal wounds {unknown}
 B - a potion of poison {unknown}
Books
 b - a book of Conjurations

   Spells                             Type                      Level
   a - Magic Dart                     Conjuration                  1
   b - Searing Ray                    Conjuration                  2
   c - Dazzling Spray                 Conjuration/Hexes            3
   d - Fulminant Prism                Conjuration/Hexes            4
   e - Iskenderun's Mystic Blast      Conjuration                  4
   f - Iskenderun's Battlesphere      Conjuration/Charms           5
 v - a book of Spatial Translocations

   Spells                             Type                      Level
   a - Apportation                    Translocation                1
   b - Blink                          Translocation                2
   c - Shroud of Golubria             Charms/Translocation         2
   d - Portal Projectile              Translocation                3
   e - Teleport Other                 Translocation                3
   f - Passage of Golubria            Translocation                4
Comestibles
 c - a bread ration


   Skills:
 - Level 2.1 Dodging
 - Level 2.1 Stealth
 + Level 4.9 Spellcasting
 + Level 7.9 Conjurations
 + Level 2.8 Hexes


You had 9 spell levels left.
You knew the following spells:

 Your Spells              Type           Power        Failure   Level  Hunger
a - Magic Dart            Conj           ####         1%          1    None
b - Searing Ray           Conj           #####.       1%          2    None
c - Dazzling Spray        Conj/Hex       ####....     1%          3    ##.....


Dungeon Overview and Level Annotations

Branches:
Dungeon (4/15)
 Temple: D:4-7

Altars:
Fedhas
Vehumet


Message History

Grinder completely misses you.
The searing ray hits Grinder.
Grinder is almost dead.
Grinder gestures at you. You resist with some effort.
The searing ray hits Grinder.
You kill Grinder!
You have reached level 7!
You start resting.
You are feeling hungry.
Eat which item? (? for menu, Esc to quit)
That lime was rather sour... but delicious nonetheless!
You start resting.
Magic restored.
Okay, then.
l - 18 sling bullets (gained 1) Saving game... please wait.
Welcome back, seyes the High Elf Conjurer.
Press ? for a list of commands and other information.
Are you sure you want to abandon this character and quit the game? (Confirm with "yes".)

#(.... #.....
#..... ## ##..... #
.. #####....Y. .#
#.##...#......##.#
#....#.#.##......#
######@..#.#####.#
..................#
#####...###.####..#
#...............###
#.##########.[....#
#. #..............#
. #.#######......#
###### #.# #......#
#...># #.# [.#.####


There were no monsters in sight!

Vanquished Creatures
  Grinder (D:4)
  An ice beast (D:4)
  A giant frog zombie (D:4)
  An orc priest (D:3)
  3 orc wizards (D:3)
  Natasha (twice) (D:2)
  3 adders
  4 gnolls (D:3)
  3 worms (D:2)
  2 giant geckos (D:1)
  8 orcs (D:3)
  9 hobgoblins
  2 quokkas
  7 bats
  3 giant cockroaches
  A giant gecko skeleton (D:4)
  6 giant newts
  7 goblins
  8 kobolds
  3 rats
75 creatures vanquished.

Notes
Turn   | Place    | Note
--------------------------------------------------------------
     0 | D:1      | seyes the High Elf Conjurer began the quest for the Orb.
     0 | D:1      | Reached XP level 1. HP: 11/11 MP: 4/4
   443 | D:1      | Reached XP level 2. HP: 17/17 MP: 4/6
   447 | D:1      | Learned a level 2 spell: Searing Ray
   467 | D:1      | Reached skill level 5 in Conjurations
   980 | D:2      | You fall through a shaft!
  1073 | D:3      | Reached XP level 3. HP: 21/21 MP: 4/7
  1078 | D:3      | Learned a level 3 spell: Dazzling Spray
  1357 | D:3      | Reached skill level 6 in Conjurations
  1610 | D:3      | Reached XP level 4. HP: 27/27 MP: 4/8
  1777 | D:2      | Found a faded altar to an unknown god.
  2432 | D:2      | Noticed Natasha
  2444 | D:2      | Found a blossoming altar of Fedhas.
  2653 | D:2      | Found a radiant altar of Vehumet.
  2661 | D:2      | Killed Natasha
  2661 | D:2      | Reached XP level 5. HP: 21/31 MP: 5/10
  3034 | D:2      | Noticed Natasha
  3039 | D:2      | Killed Natasha
  3192 | D:3      | Reached skill level 7 in Conjurations
  3548 | D:3      | Reached skill level 1 in Hexes
  3825 | D:3      | Reached XP level 6. HP: 36/36 MP: 7/12
  4302 | D:4      | Noticed Grinder
  4310 | D:4      | Killed Grinder
  4310 | D:4      | Reached XP level 7. HP: 29/41 MP: 4/15
  4393 | D:4      | Upgraded the game from 0.17-a0-2122-g03d97ec to 0.17-a0-2148-g9c1f372
  4393 | D:4      | Quit the game

Vault maps used:
D:1:      roderic_chinese_lattice_arrival
D:2:      old_standard_altar, fedhas_altar_2, ecumenical_altar_2, uniq_natasha
D:3:      kennysheep_generic_room_11
D:4:      serial_shops, nicolae_shop_behind_doors, minmay_misc_feat_columns,
          uniq_grinder

Action                   |  1- 3 |  4- 6 |  7- 9 || total
-------------------------+-------+-------+-------++-------
Melee: Dagger            |    16 |       |       ||    16
 Fire: Hunting sling     |    35 |    43 |       ||    78
 Cast: Magic Dart        |    23 |     4 |       ||    27
       Searing Ray       |    10 |    32 |       ||    42
  Use: Scroll            |     4 |     6 |       ||    10
  Eat: Chunk             |     3 |     7 |       ||    10
       Fruit             |       |     2 |     1 ||     3
